 Dungeon Crawl Stone Soup version 0.29.0-4-gdea44cf6ec (webtiles) character file.

Game seed: 9400241088356620025

26 qw the Sneak (level 3, -1/23 HPs)
             Began as a Gargoyle Delver on Sept 10, 2022.
             Slain by a hound (2 damage)
             ... on level 5 of the Dungeon.
             The game lasted 00:00:03 (31 turns).

qw the Sneak (Gargoyle Delver)                        Turns: 31, Time: 00:00:03

Health: -1/23      AC:  6    Str: 17    XL:     3   Next: 8%
Magic:  3/3        EV: 11    Int: 10    God:
Gold:   0          SH:  0    Dex: 11    Spells: 2/2 levels left

rFire   . . .      SeeInvis .   a - +0 hand axe
rCold   . . .      Faith    .   (no shield)
rNeg    + . .      Spirit   .   b - +0 leather armour
rPois   inf        Reflect  .   (no helmet)
rElec   +          Harm     .   (no cloak)
rCorr   .          Rampage  .   (no gloves)
Will    .....                   (no boots)
Stlth   +++.......              (no amulet)
HPRegen 0.07/turn               (no ring)
MPRegen 0.08/turn               (no ring)

@: no status effects
A: sickness immunity, AC +3, negative energy resistance 1, electricity
resistance, torment resistance 1, petrification resistance
a: no special abilities


You were on level 5 of the Dungeon.
You visited 1 branch of the dungeon, and saw 1 of its levels.


Innate Abilities, Weirdness & Mutations

You are immune to sickness and miasma.
Your stone body is resilient. (AC +3)
You are immune to poison.
You resist negative energy. (rN+)
You are resistant to electric shocks. (rElec)
You are resistant to unholy torment.
You are immune to petrification.


   Skills:
 - Level 3.2 Fighting
 + Level 3.1 Axes
 - Level 1.5 Dodging
 - Level 5.4 Stealth


You had 2 spell levels left.
You didn't know any spells.
Your spell library was empty.

Inventory:

Hand Weapons
 a - a +0 hand axe (weapon)
Armour
 b - a +0 leather armour (worn)
Wands
 g - a wand of digging (3)
Scrolls
 c - a scroll of fog
 d - a scroll of magic mapping
 e - a scroll of fear
Potions
 f - a potion of haste

Dungeon Overview and Level Annotations

Branches:
Dungeon (5/15)
 Temple: D:4-7

Altars:


Message History

The orc wizard hits you but does no damage.
The hound barely misses you.
You barely miss the orc wizard.
The orc wizard is severely wounded.
You hit the hound but do no damage. The hound bites you but does no damage.
The orc wizard points at you and mumbles some strange words.
The magic dart hits you. The hound bites you.
You barely miss the orc wizard.
The orc wizard is severely wounded.
You hit the hound. The orc wizard closely misses you.
The hound bites you but does no damage. The hound closely misses you.
The orc wizard hits you with a +0 dagger.
You slash the orc wizard!
You kill the orc wizard!
You barely miss the hound. The hound misses you.
Your Axes skill increases to level 3!
You have reached level 2!
You have reached level 3!
Your experience leads to an increase in your attributes!
Increase (S)trength, (I)ntelligence, or (D)exterity?
You feel stronger. x2
You hit the hound but do no damage.
The hound is lightly wounded.
The hound bites you. The hound misses you.
You barely miss the hound.
The hound is lightly wounded.
The hound bites you but does no damage.
An orc comes into view. It is wielding a +0 short sword.
The hound bites you but does no damage.
You miss the hound.
The hound is lightly wounded.
The hound completely misses you. The hound barely misses you.
The orc shouts!
You hit the hound.
The hound is heavily wounded.
You hear a shout!
The hound bites you.
You die...

## # ##.##.###
##..#.##.#
##......@.#
#.......ho###.
+.....>......o..
#.........###.o.
##.......## .
##.....##
##...## ##+##


You could see a hound and an orc.

Vanquished Creatures
  An orc wizard (D:5)
  An orc (D:5)
2 creatures vanquished.

Notes
Turn   | Place    | Note
-------+----------+-------------------------------------------
     0 | D:5      | qw the Gargoyle Delver began the quest for the Orb.
     0 | D:5      | Reached XP level 1. HP: 14/14 MP: 1/1
     0 | D:5      | 0 ||| qw: Version: 0.1-a-116-g5d60599
     0 | D:5      | 0 ||| qw: Game counter: 7967
     0 | D:5      | 0 ||| qw: Always use a shield: true
     0 | D:5      | 0 ||| qw: God list: Okawaru
     0 | D:5      | 0 ||| qw: Allow faded altars: false
     0 | D:5      | 0 ||| qw: Do Orc after D:15 true
     0 | D:5      | 0 ||| qw: Do second Lair branch before Depths: true
     0 | D:5      | 0 ||| qw: Lair rune preference: random
     0 | D:5      | 0 ||| qw: Plans: Normal
     0 | D:5      | 0 ||| PLANNING D:1-11
     4 | D:5      | Noticed an orc wizard
     6 | D:5      | 6 ||| Stepping ~*~*~tactically~*~*~ (stealth).
     9 | D:5      | 9 ||| Stepping ~*~*~tactically~*~*~ (stealth).
    10 | D:5      | 10 ||| Stepping ~*~*~tactically~*~*~ (stealth).
    13 | D:5      | 13 ||| Stepping ~*~*~tactically~*~*~ (hiding).
    20 | D:5      | Noticed a hound
    25 | D:5      | HP: 2/14 [hound (2)]
    27 | D:5      | Killed an orc wizard
    28 | D:5      | Reached skill level 3 in Axes
    28 | D:5      | Reached XP level 2. HP: 1/19 MP: 2/2
    28 | D:5      | Reached XP level 3. HP: 2/23 MP: 3/3
    31 | D:5      | Slain by a hound

Levels and vault maps discovered:
D:5:      layout_loops_corners, amethyst_killhole, minivault_27

Skill      XL: |  1 |
---------------+----+-----
Axes           | 3 |  3.1
Fighting       | |  3.2
Dodging        | |  1.5
Stealth        | |  5.4

Action                   || total
-------------------------++-------
Melee: Hand axe          ||    15
Armor: Leather armour    ||     7
Dodge: Dodged            ||    12

Table legend:
 A = Non-vault XP
 B = Vault XP
 C = Vault XP percentage of total XP
 D = Non-vault monster count
 E = Vault monster count
 F = Vault count percentage of total count
                 A         B        C        D         E       F
            +---------+---------+-------+---------+---------+-------
      Total |      38 |       0 |   0.0 |       2 |       0 |   0.0
            +---------+---------+-------+---------+---------+-------
        D:5 |      38 |       0 |   0.0 |       2 |       0 |   0.0
            +---------+---------+-------+---------+---------+-------
